 Dungeon Crawl Stone Soup version 0.18-a0-1088-g34ef3a2 (webtiles) character file.

451 lysy the Conjurer (level 6, -3/32 HPs)
             Began as a Deep Elf Fire Elementalist on Jan 16, 2016.
             Was an Initiate of Vehumet.
             Slain by Duvessa
             ... wielding a +1 short sword of speed
              (14 damage)
             ... on level 5 of the Dungeon.
             The game lasted 00:16:31 (5501 turns).

lysy the Conjurer (Deep Elf Fire Elementalist)      Turns: 5501, Time: 00:16:31

Health: -3/32      AC:  4    Str:  5    XL:     6   Next: 75%
Magic:  8/15       EV: 13    Int: 21    God:    Vehumet [......]
Gold:   191        SH:  0    Dex: 16    Spells: 4 memorised, 6 levels left

rFire  + . .     SeeInvis +     d - +2 blowgun
rCold  x . .     Gourm    .     a - +1 robe
rNeg   . . .     Faith    .     (no shield)
rPois  .         Spirit   .     m - +0 helmet
rElec  .         Dismiss  .     (no cloak)
rCorr  .         Reflect  .     (no gloves)
SustAt .         Harm     .     (no boots)
MR     .....                    k - amulet of regeneration
Stlth  ++........               z - ring of fire
                                r - ring of see invisible

@: not resistant to hostile enchantments, unstealthy
A: no striking features
a: Renounce Religion


You were on level 5 of the Dungeon.
You worshipped Vehumet.
Vehumet was noncommittal.
You were not hungry.

You visited 2 branches of the dungeon, and saw 6 of its levels.

You collected 191 gold pieces.


   Skills:
 + Level 2.8 Dodging
 - Level 2.4 Stealth
 + Level 5.2 Spellcasting
 - Level 5.4 Conjurations
 - Level 5.0 Fire Magic


You had 6 spell levels left.
You knew the following spells:

 Your Spells              Type           Power        Failure   Level  Hunger
c - Summon Small Mammal   Summ           #...         12%         1    None
x - Sticky Flame          Conj/Fire      #####...     14%         4    ####...
z - Flame Tongue          Conj/Fire      #####        1%          1    None
Z - Conjure Flame         Conj/Fire      #####...     3%          3    ##.....

Inventory:

Hand Weapons
 d - a +2 blowgun (weapon)
 l - a +0 whip
 p - a +1 dagger of protection
Missiles
 q - 5 tomahawks
 v - 107 stones
 C - 53 poisoned needles (quivered)
Armour
 a - a +1 robe (worn)
 m - a +0 helmet (worn)
Jewellery
 k - an amulet of regeneration (around neck)
 r - a ring of see invisible (left hand)
 z - a ring of fire (right hand)
Scrolls
 s - a scroll of magic mapping
 u - a scroll of recharging
 w - a scroll of remove curse
Potions
 e - 2 potions of haste {@q3}
 f - a potion of heal wounds {@q2}
 h - a potion of ambrosia {unknown}
 i - a potion of magic
 j - a potion of invisibility
 t - a potion of brilliance {unknown}
 x - a potion of agility
 A - 2 potions of poison {unknown}
 B - 2 potions of curing {@q1}
Books
 b - a book of Flames

   Spells                             Type                      Level
   a - Flame Tongue                   Conjuration/Fire             1
   b - Throw Flame                    Conjuration/Fire             2
   c - Conjure Flame                  Conjuration/Fire             3
   d - Inner Flame                    Hexes/Fire                   3
   e - Sticky Flame                   Conjuration/Fire             4
   f - Fireball                       Conjuration/Fire             5
 F - a book of Callings

   Spells                             Type                      Level
   a - Summon Small Mammal            Summoning                    1
   b - Call Imp                       Summoning                    2
   c - Call Canine Familiar           Summoning                    3
   d - Summon Guardian Golem          Hexes/Summoning              3
   e - Summon Lightning Spire         Summoning/Air                4
   f - Summon Ice Beast               Ice/Summoning                4
Comestibles
 c - 4 bread rations
 g - a beef jerky
 n - 3 meat rations
 o - 2 royal jellies

Dungeon Overview and Level Annotations

Branches:
Dungeon (5/15)             Temple (1/1) D:4

Altars:
Ashenzari
Cheibriados
Dithmenos
Elyvilon
Fedhas
Kikubaaqudgha
Okawaru
Pakellas
Qazlal
Vehumet

Annotations:
D:5 Duvessa

.........▒
▒.▒...▒...
▒.........
▒▒.▒.......
.......... ▒▒
▒)▒....... ..
▒......... ▒ ▒.
▒.e..▒ ▒ ▒▒▒. ▒e▒▒▒▒
...▒▒▒▒▒▒ ▒.▒
▒......▒ ▒.▒ ▒ ▒ ▒
▒▒......▒▒▒#▒▒▒ ▒.▒▒
▒( ▒.............▒
▒.▒.
.▒▒.▒.......▒▒▒.....
▒... .▒.▒......e▒
...... ▒▒.
▒(..▒▒#▒▒#.▒▒ .....
▒▒


You could see Duvessa (berserk).


Message History

The puff of flame misses you.
Aiming: Conjure Flame The fire roars!
Unknown command.
Unknown command.
Found a potion of curing and a dagger.
Aiming: Conjure Flame The fire roars!
Vehumet accepts your kill.
Duvessa screams, "No!
How DARE you!"
Duvessa goes berserk!
Your Spellcasting skill increases to level 5!
You feel a bit more experienced.
Firing (i - inventory. (,) - cycle):
C - 54 poisoned needles (quivered)
Aim: Duvessa, wielding a short sword of speed and wearing a leather armour (flame, berserk, fast, unusually strong)
You can't see any item there.
You shoot a poisoned needle. The poisoned needle hits Duvessa!
Duvessa is poisoned.
Duvessa is engulfed in roaring flames.
You see here a potion of curing {@q1}.
B - 2 potions of curing {@q1} (gained 1) Duvessa hits you with a short sword of speed!
* * * LOW HITPOINT WARNING * * *
Duvessa hits you with a short sword of speed!
* * * LOW HITPOINT WARNING * * *
Drink which item? (? for menu, Esc to quit)
You feel much better.
Duvessa hits you with a short sword of speed!
* * * LOW HITPOINT WARNING * * *
Duvessa hits you with a short sword of speed!
You die...

Action                   |  1- 3 |  4- 6 || total
-------------------------+-------+-------++-------
Melee: Club              |     9 |       ||     9
       Whip              |    75 |       ||    75
 Fire: Blowgun           |       |    48 ||    48
Throw: Stone             |    62 |    28 ||    90
 Cast: Flame Tongue      |    65 |    67 ||   132
       Conjure Flame     |       |     7 ||     7
       Sticky Flame      |       |     3 ||     3
       Summon Small Mamm |       |     1 ||     1
  Use: Scroll            |       |    14 ||    14
       Potion            |       |     1 ||     1
 Stab: Sleeping          |     2 |    11 ||    13
       Distracted        |       |     1 ||     1
  Eat: Chunk             |     6 |     9 ||    15

Vault maps used:
D:1:      eino_arrival_water_star
D:3:      cheibriados_altar_1
D:4:      kennysheep_mini, minmay_temple_entry_hall, first_bread,
          tgw_kikubaaqudgha
D:5:      kennysheep_mini_moat, kb_xom_exploding_sheep, elyvilon_altar_4,
          uniq_duvessa
Temple:   circular_temple_12

Notes
Turn   | Place    | Note
--------------------------------------------------------------
     0 | D:1      | lysy the Deep Elf Fire Elementalist began the quest for the Orb.
     0 | D:1      | Reached XP level 1. HP: 10/10 MP: 6/6
   430 | D:1      | Reached XP level 2. HP: 7/15 MP: 5/8
   651 | D:1      | Reached skill level 2 in Conjurations
  1440 | D:1      | Reached XP level 3. HP: 8/19 MP: 6/9
  1681 | D:1      | Reached skill level 4 in Fire Magic
  2051 | D:2      | Learned a level 3 spell: Conjure Flame
  2302 | D:2      | Reached skill level 3 in Conjurations
  2771 | D:2      | Reached XP level 4. HP: 24/24 MP: 6/10
  2952 | D:2      | Learned a level 4 spell: Sticky Flame
  3236 | D:3      | Found a snail-covered altar of Cheibriados.
  3261 | D:3      | Noticed a giant frog
  3268 | D:3      | Killed a giant frog
  3268 | D:3      | Reached skill level 4 in Conjurations
  3268 | D:3      | Reached XP level 5. HP: 28/28 MP: 6/11
  3438 | D:3      | Reached skill level 5 in Fire Magic
  3834 | D:3      | Noticed an ogre
  3853 | D:3      | Killed an ogre
  3853 | D:3      | Reached skill level 4 in Spellcasting
  3853 | D:3      | Reached XP level 6. HP: 32/32 MP: 3/14
  4179 | D:3      | Learned a level 1 spell: Summon Small Mammal
  4437 | D:4      | Reached skill level 5 in Conjurations
  4488 | D:4      | Found a staircase to the Ecumenical Temple.
  4504 | Temple   | Entered the Ecumenical Temple
  4512 | Temple   | Became a worshipper of Vehumet
  5084 | D:4      | Found an oddly glowing altar of Pakellas.
  5093 | D:4      | Found an ancient bone altar of Kikubaaqudgha.
  5093 | D:4      | Noticed a human
  5400 | D:5      | Entered Level 5 of the Dungeon
  5463 | D:5      | Noticed Dowan
  5471 | D:5      | Noticed Duvessa
  5497 | D:5      | Killed Dowan
  5497 | D:5      | Reached skill level 5 in Spellcasting
  5500 | D:5      | HP: 3/32 [Duvessa/short sword of speed (12)]
  5501 | D:5      | Slain by Duvessa

Vanquished Creatures
  An ogre (D:3)
  A giant frog (D:3)
  Dowan (D:5)
  An orc priest (D:4)
  2 orc wizards (D:4)
  4 adders
  An ooze (D:3)
  A giant gecko (D:4)
  15 orcs
  3 ball pythons
  A giant cockroach (D:1)
  16 goblins
  16 hobgoblins
  7 jackals
  9 kobolds
  4 quokkas
  6 bats
  4 giant newts
  A jackal skeleton (D:4)
  10 rats
104 creatures vanquished.
